 Dungeon Crawl Stone Soup version 0.30-a0-373-gd37427bb62 (webtiles) character file.

Game seed: 13795210884824240696

352 vineage the Trooper (level 6, -1/106 HPs)
             Began as an Ogre Fighter on Nov 24, 2022.
             Slain by Duvessa
             ... wielding a +0 rapier
              (4 damage)
             ... on level 4 of the Dungeon.
             The game lasted 00:03:47 (3797 turns).

vineage the Trooper (Ogre Fighter)                  Turns: 3797, Time: 00:03:48

Health: -1/106     AC: 23    Str: 23    XL:     6   Next: 62%
Magic:  6/6        EV:  1    Int:  9    God:
Gold:   154        SH:  0    Dex:  8    Spells: 5/5 levels left

rFire   . . .      SeeInvis .    s - +0 great mace
rCold   . . .      Faith    .    (shield currently unavailable)
rNeg    . . .      Spirit   .    (body armour currently unavailable)
rPois   +          Reflect  .    (helmet currently unavailable)
rElec   .          Harm     .    (cloak currently unavailable)
rCorr   .          Rampage  .    (gloves unavailable)
Will    .....      NoTele   +    (boots unavailable)
Stlth   +.........               f - amulet of the acrobat
HPRegen 0.37/turn                q - ring of flight
MPRegen 0.10/turn                (no ring)

@: mighty, brilliant, lethally poisoned (-1 -> -12), tree-form
A: stationary, stasis, torment immunity, boosted hp, large, unfitting armour,
(tough skin 1)
a: no special abilities


You were on level 4 of the Dungeon.
You were a tree.
You visited 1 branch of the dungeon, and saw 4 of its levels.

You collected 154 gold pieces.

Inventory:

Hand Weapons
 a - a +0 flail
 s - a +0 great mace (weapon)
Missiles
 v - a throwing net (quivered)
Armour
 b - a +0 robe (melded)
 c - a +0 kite shield
Jewellery
 f - an amulet of the acrobat (around neck)
 q - a ring of flight (left branch)
 u - a ring of protection from cold
Wands
 l - a wand of polymorph (8)
Scrolls
 e - 2 scrolls of teleportation
 k - 2 scrolls of blinking
 o - 2 scrolls of fear
 r - a scroll of poison {unknown}
 t - a scroll of vulnerability {unknown}
Potions
 g - a potion of magic
 h - 2 potions of flight
 j - a potion of haste
 n - a potion of berserk rage {unknown}
 p - a potion of attraction {unknown}
 w - a potion of cancellation {unknown}


   Skills:
 * Level 7.0 Fighting
 + Level 3.2 Maces & Flails
 + Level 3.8 Dodging
 - Level 3.7 Shields


You had 5 spell levels left.
You didn't know any spells.
Your spell library contained the following spells:

 Spells                   Type           Power      Damage    Failure   Level
 Beastly Appendage        Tmut           0%         N/A       38%         1
 Cigotuvi's Dreadful Rot  Necr/Pois/Air  0%         N/A       52%         2
 Poisonous Vapours        Pois/Air       0%         N/A       52%         2
 Wereblood                Tmut           0%         N/A       52%         2
 Mephitic Cloud           Conj/Pois/Air  0%         N/A       77%         3
 Spider Form              Tmut/Pois      0%         N/A       77%         3


Dungeon Overview and Level Annotations

Branches:
Dungeon (4/15)
 Temple: D:4-7

Altars:
Wu Jian

Shops:
D:2 (

Annotations:
D:4 Dowan, Duvessa


Innate Abilities, Weirdness & Mutations

You are a tree.
Your roots penetrate the ground, keeping you stationary.
You cannot be teleported.
You are immune to unholy pain and torment.
Your maximum health is greatly increased.
Your equipment is partially melded.
You are too large for most types of armour.
((You have tough skin. (AC +1)))


Message History

You are too injured to fight recklessly!
You are too injured to fight recklessly!
You are too injured to fight recklessly!
You are too injured to fight recklessly!
You are too injured to fight recklessly!
You are too injured to fight recklessly!
You are too injured to fight recklessly!
You are too injured to fight recklessly!
You sock Duvessa!
Duvessa is severely wounded.
Duvessa hits you but does no damage. The scorpion barely misses you.
Duvessa barely misses you. The scorpion closely misses you.
Duvessa hits you with a +0 rapier!
You sock Duvessa!
Duvessa is almost dead.
The scorpion stings you.
You are poisoned.
The scorpion poisons you! Duvessa hits you with a +0 rapier.
* * * LOW HITPOINT WARNING * * *
Dowan gestures wildly while chanting.
Dowan blinks!
The scorpion stings you.
* * * LOW HITPOINT WARNING * * *
You are lethally poisoned!
The scorpion poisons you! Duvessa hits you with a +0 rapier!
* * * LOW HITPOINT WARNING * * *
It was a potion of lignification.
You turn into a tree.
Your +0 robe melds into your body.
Your roots penetrate the ground.
* * * LOW HITPOINT WARNING * * *
You feel very sick. Duvessa hits you with a +0 rapier.
* * * LOW HITPOINT WARNING * * *
The scorpion stings you but does no damage.
It was a potion of brilliance.
You feel clever all of a sudden.
* * * LOW HITPOINT WARNING * * *
You feel very sick. Duvessa hits you but does no damage.
The scorpion stings you but does no damage.
Duvessa hits you with a +0 rapier.
You die...

.## ..## ...## .
....#.. ##
....... ##.#
....... #..##
##....... ##...#
#se§.....
#....####♣#......
#.....##..# .e..#
#.....##.## #.##
##...†.#.## #
#....##..#
#...###.## ##
#..###.#####.####
#####...##......#
##............##


You could see Duvessa (fast) and a scorpion.

Vanquished Creatures
  A scorpion (D:4)
  A hound (D:4)
  A gnoll bouda (D:4)
  Natasha (thrice) (D:2)
  6 gnolls
  4 adders
  3 worms
  2 dart slugs
  4 bats
  3 endoplasms
  2 giant cockroaches
  3 goblins
  10 hobgoblins
  9 kobolds
  6 quokkas
  3 ball pythons
  3 frilled lizards
  6 rats
70 creatures vanquished.

Notes
Turn   | Place    | Note
-------+----------+-------------------------------------------
     0 | D:1      | vineage the Ogre Fighter began the quest for the Orb.
     0 | D:1      | Reached XP level 1. HP: 24/24 MP: 1/1
    90 | D:1      | Reached XP level 2. HP: 9/32 MP: 2/2
   810 | D:2      | Found Utugyob's Weapon Boutique.
   877 | D:2      | Found a faded altar of an unknown god.
   910 | D:2      | Reached XP level 3. HP: 5/40 MP: 3/3
  1091 | D:2      | Noticed Natasha
  1099 | D:2      | Killed Natasha
  1100 | D:2      | Reached skill level 5 in Fighting
  1100 | D:2      | Reached XP level 4. HP: 23/50 MP: 4/4
  1184 | D:2      | Noticed Natasha
  1191 | D:2      | Killed Natasha
  1464 | D:2      | Identified the +4 ring mail of Limited Liability {Rampage
                  | *Slow Int-4 Dex+8}
  1559 | D:2      | Noticed Natasha
  1569 | D:2      | Killed Natasha
  1570 | D:2      | Reached XP level 5. HP: 5/59 MP: 5/5
  2658 | D:3      | Found an ornate altar of the Wu Jian Council.
  3077 | D:3      | Reached skill level 6 in Fighting
  3506 | D:4      | Reached XP level 6. HP: 59/68 MP: 6/6
  3767 | D:4      | Reached skill level 7 in Fighting
  3785 | D:4      | Noticed Duvessa
  3785 | D:4      | Noticed Dowan
  3796 | D:4      | HP: 5/106 [Duvessa/+0 rapier (4)]
  3797 | D:4      | Slain by Duvessa

Illustrated notes

Levels and vault maps discovered:
D:1:      dpeg_arrival_line_fractal, layout_loops_cross, solitary_fountain,
          st_stairs_3, columned_hall_lemuel
D:2:      layout_basic, serial_shops, nicolae_shop_trees,
          dilly_ecumenical_altar_fadedgnrine, uniq_natasha
D:3:      layout_basic, nzn_wu_jian_contemplation, item_on_display_b
D:4:      layout_cave_pods, lemuel_doored_altar, gammafunk_ghost_mausoleum,
          mrwooster_statue_mirror, uniq_duvessa

Skill      XL: |  1  2  3  4  5  6 |
---------------+-------------------+-----
Maces & Flails | 2 3 |  3.2
Fighting       | 5 6 7 |  7.0
Dodging        | 3 |  3.8
Shields        | |  3.7

Action                   |  1- 3 |  4- 6 || total
-------------------------+-------+-------++-------
Melee: Flail             |    79 |    82 ||   161
       Great mace        |       |    70 ||    70
  Use: Scroll            |       |     9 ||     9
       Potion            |       |     4 ||     4
 Stab: Sleeping          |       |     1 ||     1
Armor: Robe              |    26 |    22 ||    48
       Skin              |       |     3 ||     3
Dodge: Dodged            |    23 |    95 ||   118
Block: Kite shield       |    25 |    29 ||    54

Table legend: (Time is in decaauts)
 A = Elapsed time spent in this place.
 B = Non-inter-level travel time spent in this place.
 C = Inter-level travel time spent in this place.
 D = Time resting spent in this place.
 E = Time spent auto-exploring this place.
 F = Levels seen in this place.
 G = Mean time per level.
                   A        B        C        D        E       F      G
               +--------+--------+--------+--------+--------+-----+--------+
         Total |   3900 |   3806 |     94 |    589 |   2594 |   4 |  975.0 |
       Dungeon |   3900 |   3806 |     94 |    589 |   2594 |   4 |  975.0 |
               +--------+--------+--------+--------+--------+-----+--------+

Top non-repeatable levels by time:
     D:2: 1836 daAuts
     D:1: 818 daAuts
     D:4: 627 daAuts
     D:3: 618 daAuts
